 Dungeon Crawl Stone Soup version 0.25-a0-294-gea9b1ad (webtiles) character file.

Game seed: 6476909717908981042, levelgen mode: deterministic

113 Birdy the Ogre Mage (level 4, -3/44 HPs)
             Began as an Ogre Wizard on Dec 18, 2019.
             Slain by a bullfrog (5 damage)
             ... on level 2 of the Dungeon.
             The game lasted 00:09:30 (2958 turns).

Birdy the Ogre Mage (Ogre Wizard)                   Turns: 2958, Time: 00:09:32

Health: -3/44      AC:  7    Str: 11    XL:     4   Next: 96%
Magic:  0/10       EV: 10    Int: 20    God:
Gold:   109        SH:  0    Dex:  7    Spells: 8/12 levels left

rFire    . . .     SeeInvis .   m - +0 club
rCold    . . .     Gourm    .   (no shield)
rNeg     . . .     Faith    .   k - +1 animal skin
rPois    .         Spirit   .   b - +2 hat
rElec    .         Reflect  .   g - +0 cloak
rCorr    .         Harm     .   (gloves unavailable)
MR       .....                  (boots unavailable)
Stlth    +.........             (no amulet)
HPRegen  0.14/turn              (no ring)
MPRegen  0.12/turn              (no ring)

@: very slightly contaminated, invisible
A: large, unfitting armour, tough skin 1
a: no special abilities


You were on level 2 of the Dungeon.
You were not hungry.

You visited 1 branch of the dungeon, and saw 2 of its levels.

You collected 109 gold pieces.

Inventory:

Hand Weapons
 m - a +0 club (weapon)
Armour
 b - a +2 hat (worn)
 g - a +0 cloak (worn)
 k - a +1 animal skin (worn)
Jewellery
 a - an uncursed amulet of guardian spirit
Scrolls
 c - 2 scrolls of identify
 e - a scroll of fog
 f - a scroll of remove curse
 i - 2 scrolls of teleportation
 l - a scroll of enchant armour
Potions
 h - a potion of invisibility
 j - a potion of degeneration {unknown}
Comestibles
 d - 3 rations
 n - a chunk of flesh


   Skills:
 + Level 2.7 Fighting
 - Level 1.7 Dodging
 - Level 1.4 Stealth
 + Level 4.5 Spellcasting
 + Level 2.1 Conjurations
   Level 0.8 Summonings
   Level 0.8 Translocations
   Level 1.1 Fire Magic
 + Level 0.2 Air Magic
 + Level 0.3 Poison Magic


You had 8 spell levels left.
You knew the following spells:

 Your Spells              Type           Power        Failure   Level  Hunger
a - Magic Dart            Conj           ##..         4%          1    None
b - Mephitic Cloud        Conj/Pois/Air  #.......     26%         3    ##.....

Your spell library contained the following spells:

 Spells                   Type           Power        Failure   Level  Hunger
 Blink                    Tloc           N/A          13%         2    #......
 Call Imp                 Summ           #.......     13%         2    #......
 Slow                     Hex            #.......     19%         2    #......
 Conjure Flame            Conj/Fire      ##......     19%         3    ##.....


Dungeon Overview and Level Annotations

Branches:
Dungeon (2/15)

Altars:


Innate Abilities, Weirdness & Mutations

You are too large for most types of armour.
You have tough skin. (AC +1)


Message History

The bullfrog misses you. The bullfrog hits you.
* * * LOW HITPOINT WARNING * * *
You closely miss the bullfrog.
The bullfrog is moderately wounded.
The bullfrog hits you but does no damage.
The bullfrog barely misses you.
You hit the bullfrog.
The bullfrog is heavily wounded.
The bullfrog barely misses you.
The dart slug launches a dart at the bullfrog.
The slug dart misses the bullfrog.
The slug dart misses you.
The bullfrog releases a deep croak.
The bullfrog hits you.
* * * LOW HITPOINT WARNING * * *
You hit the bullfrog.
The bullfrog is severely wounded.
The bullfrog hits you.
* * * LOW HITPOINT WARNING * * *
The bullfrog hits you.
You die...

#..##......##.$.
#..............
#.##......##..##
#........##.#.#
###......##....#
########.#..#.##
##......##..##
#.#..#...
#......###...### ###
#.#......
#'#......###.w.###..
#.#......
#.###......###..w#.#
#........
#..†###......###F#.#
#<...####
##....###......#@#.#
#....#.....
#..#....###......#.#
####.#.####
#.##.##...###......#
#.#.. #
#.#..#..#...###..#.#
#.##.# #
############# ####.#
#.# .# # #.# #.# ..
. #.# .# # #.#
##################.#


You could see a bullfrog and a dart slug.

Vanquished Creatures
  Robin (D:2)
  An adder (D:2)
  A gnoll (D:2)
  2 oozes
  A worm (D:2)
  4 leopard geckos
  6 bats
  2 giant cockroaches (D:1)
  17 goblins
  10 hobgoblins
  A jackal (D:2)
  A ball python (D:1)
  7 frilled lizards
  5 kobolds
  9 rats
68 creatures vanquished.

Notes
Turn   | Place    | Note
-------+----------+-------------------------------------------
     0 | D:1      | Birdy the Ogre Wizard began the quest for the Orb.
     0 | D:1      | Reached XP level 1. HP: 16/16 MP: 5/5
    64 | D:1      | Reached skill level 1 in Conjurations
   465 | D:1      | Reached skill level 1 in Fighting
   465 | D:1      | Reached XP level 2. HP: 25/27 MP: 0/6
   829 | D:1      | Reached skill level 4 in Spellcasting
  1056 | D:1      | Reached XP level 3. HP: 32/35 MP: 6/8
  1558 | D:1      | Learned a level 3 spell: Conjure Flame
  1786 | D:2      | Noticed Robin
  1855 | D:2      | Reached XP level 4. HP: 34/42 MP: 2/10
  1990 | D:2      | Killed Robin
  2174 | D:2      | Reached skill level 1 in Fire Magic
  2459 | D:2      | Learned a level 3 spell: Mephitic Cloud
  2929 | D:2      | Noticed a bullfrog
  2958 | D:2      | HP: 2/44 [bullfrog (5)]
  2958 | D:2      | Slain by a bullfrog

Levels and vault maps discovered:
D:1:      lemuel_arrival_muddy, layout_loops_ring, serial_bayou_crossing
D:2:      minmay_razor_zed, layout_basic, uniq_robin

Skill      XL: |  1  2  3  4 |
---------------+-------------+-----
Conjurations   | 1 2 |  2.1
Fighting       | 1 2 |  2.7
Spellcasting   | 4 |  4.5
Fire Magic     | 1 |  1.1
Dodging        | |  1.7
Stealth        | |  1.4
Summonings     | |  0.8
Translocations | |  0.8
Air Magic      | |  0.2
Poison Magic   | |  0.3

Action                   |  1- 3 |  4- 6 || total
-------------------------+-------+-------++-------
Melee: Unarmed           |   169 |    69 ||   238
       Club              |       |    22 ||    22
 Cast: Magic Dart        |    75 |    58 ||   133
       Conjure Flame     |     3 |     1 ||     4
       Mephitic Cloud    |       |     3 ||     3
  Use: Scroll            |     5 |     2 ||     7
       Potion            |       |     1 ||     1
 Stab: Invisible         |       |     1 ||     1
       Sleeping          |       |     1 ||     1
  Eat: Chunk             |     2 |     2 ||     4
       Ration            |       |     1 ||     1
Armor: Robe              |   123 |    11 ||   134
       Animal skin       |       |    39 ||    39
Dodge: Dodged            |   177 |    88 ||   265

Table legend:
 A = Non-vault XP
 B = Vault XP
 C = Vault XP percentage of total XP
 D = Non-vault monster count
 E = Vault monster count
 F = Vault count percentage of total count
                 A         B        C        D         E       F
            +---------+---------+-------+---------+---------+-------
      Total |      87 |      75 |  46.3 |      44 |      24 |  35.3
            +---------+---------+-------+---------+---------+-------
        D:1 |      49 |       0 |   0.0 |      29 |       0 |   0.0
        D:2 |      38 |      75 |  66.4 |      15 |      24 |  61.5
            +---------+---------+-------+---------+---------+-------
